 Dungeon Crawl Stone Soup version 0.21.1-1-g345015fe64 (webtiles) character file.

549 AdeptTechnicus the Shooter (level 7, -3/36 HPs)
             Began as a Spriggan Hunter on July 19, 2018.
             Killed by divine providence
             ... invoked by an orc priest
              (15 damage)
             ... on level 3 of the Dungeon.
             The game lasted 00:19:55 (3179 turns).

AdeptTechnicus the Shooter (Spriggan Hunter)        Turns: 3179, Time: 00:19:55

Health: -3/36      AC:  2    Str:  8    XL:     7   Next: 7%
Magic:  8/8        EV: 22    Int: 12    God:
Gold:   124        SH:  0    Dex: 19    Spells: 6/6 levels left

rFire    . . .     SeeInvis +   b - +0 short sword
rCold    . . .     Gourm    .   (shield restricted)
rNeg     . . .     Faith    .   c - +0 robe
rPois    .         Spirit   .   (helmet restricted)
rElec    .         Reflect  .   (no cloak)
rCorr    .         Harm     .   (gloves unavailable)
MR       +....                  (boots unavailable)
Stlth    +++.......             (no amulet)
HPRegen  0.12/turn              (no ring)
MPRegen  0.11/turn              (no ring)

@: very quick
A: very small, unfitting armour, see invisible, herbivore, speed 3, slow
metabolism 2
a: no special abilities


You were on level 3 of the Dungeon.
You were not hungry.

You visited 1 branch of the dungeon, and saw 4 of its levels.

You collected 124 gold pieces.

Inventory:

Hand Weapons
 a - a +3 shortbow
 b - a +0 short sword (weapon)
 n - a +0 club
 o - a +0 club
Missiles
 d - 5 arrows
Armour
 c - a +0 robe (worn)
Jewellery
 t - an uncursed ring of fire {unknown}
Scrolls
 g - 3 scrolls of teleportation
 m - a scroll of identify
 q - a scroll of random uselessness {unknown}
 r - a scroll of magic mapping {unknown}
Potions
 e - 2 potions of mutation
 h - 2 potions of haste {unknown}
 i - a potion of magic {unknown}
 j - a potion of lignification {unknown}
 k - 2 potions of flight {unknown}
 l - a potion of curing {unknown}
 p - a potion of agility {unknown}
Books
 s - a book of Party Tricks

   Spells                             Type                      Level
   a - Summon Butterflies             Summoning                    1
   b - Apportation                    Translocation                1
   c - Lesser Beckoning               Translocation                3
   d - Tukima's Dance                 Hexes                        3
   e - Alistair's Intoxication        Transmutation/Poison         5
   f - Invisibility                   Hexes                        6
Comestibles
 f - 2 rations


   Skills:
 + Level 3.4 Fighting
 + Level 0.4 Short Blades
 + Level 6.5 Bows
 + Level 6.1 Dodging
 + Level 5.8 Stealth


You had 6 spell levels left.
You didn't know any spells.

Dungeon Overview and Level Annotations

Branches:
Dungeon (4/15)
 Temple: D:4-7

Altars:


Innate Abilities, Weirdness & Mutations

You are very small and have problems with some larger weapons.
You are too small for most types of armour.
You have supernaturally acute eyesight. (SInv)
You are a herbivore.
You cover ground extremely quickly.
You need consume almost no food.


Message History

2 orc priests come into view.
You closely miss the orc.
The orc priest shouts!
The orc completely misses you.
You hit the orc.
The orc is moderately wounded.
The orc priest calls down the wrath of Beogh upon you.
Beogh smites you!
* * * LOW HITPOINT WARNING * * *
The orc misses you.
A rat comes into view.
The orc priest shouts!
The rat completely misses you.
You barely miss the rat. The rat completely misses you.
You closely miss the rat. The orc completely misses you. The rat misses you.
You closely miss the rat. The orc misses you. The rat completely misses you.
You barely miss the rat.
The orc priest mumbles some strange prayers to Beogh against you.
Beogh smites you!
You die...

####.###.#.#####..# #.#
#... ##### ##.##
########.#.
##...###...###....[.....
#..#..#..#..##.#.#.#.#..
#.###...###.##..........
#..#..#..#..##.#.#.#.#..
##...###...###..........
##.ooo@r......#.#.#.#..
#...###...##...........
#..#.. ..#..#..#.#.#.#..
#.###...###......
#..#.....#...##
##...#.......#
######.....## ####


You could see 2 orc priests, an orc and a rat.

Vanquished Creatures
  Sigmund (D:3)
  A sky beast (D:3)
  The ghost of motoroller71 the Ducker, an amateur GnGl (D:3)
  A scorpion (D:2)
  An orc wizard (D:3)
  A worker ant (D:2)
  4 adders
  An ooze (D:2)
  An adder skeleton (D:3)
  A worm (D:2)
  A leopard gecko (D:3)
  3 orcs (D:3)
  8 goblins
  3 hobgoblins
  6 jackals
  7 bats
  6 frilled lizards
  11 kobolds
  7 rats
65 creatures vanquished.

Notes
Turn   | Place    | Note
-------+----------+-------------------------------------------
     0 | D:1      | AdeptTechnicus the Spriggan Hunter began the quest for the Orb.
     0 | D:1      | Reached XP level 1. HP: 10/10 MP: 2/2
   261 | D:1      | Reached skill level 5 in Bows
   261 | D:1      | Reached XP level 2. HP: 13/15 MP: 3/3
   682 | D:2      | Reached XP level 3. HP: 13/18 MP: 4/4
   979 | D:2      | Reached XP level 4. HP: 23/23 MP: 5/5
  1469 | D:3      | Noticed motoroller71's ghost (amateur GnGl)
  1537 | D:3      | Reached XP level 5. HP: 26/27 MP: 6/6
  2069 | D:3      | Noticed Sigmund
  2109 | D:3      | Killed motoroller71's ghost
  2109 | D:3      | Reached skill level 5 in Dodging
  2177 | D:3      | Killed Sigmund
  2177 | D:3      | Reached skill level 5 in Stealth
  2177 | D:3      | Reached XP level 6. HP: 18/32 MP: 7/7
  2565 | D:3      | Noticed a sky beast
  2651 | D:3      | Killed a sky beast
  3058 | D:3      | Reached XP level 7. HP: 31/36 MP: 8/8
  3179 | D:3      | Killed from afar by an orc priest

Skill      XL: |  1  2  3  4  5  6 |
---------------+-------------------+-----
Stealth        | 2 3 4 5 |  5.8
Bows           | 5 6 |  6.5
Fighting       | 2 3 |  3.4
Dodging        | 4 5 6 |  6.1
Short Blades   | |  0.4

Action                   |  1- 3 |  4- 6 |  7- 9 || total
-------------------------+-------+-------+-------++-------
Melee: Short sword       |       |    38 |    19 ||    57
 Fire: Shortbow          |    70 |   135 |       ||   205
  Use: Scroll            |     3 |     3 |       ||     6
       Potion            |       |     1 |       ||     1
 Stab: Sleeping          |       |     1 |     2 ||     3
Armor: Robe              |     1 |     6 |       ||     7
Dodge: Dodged            |    20 |    91 |    13 ||   124
